 Dungeon Crawl Stone Soup version 0.27.0-1-g7a089689b8 (webtiles) character file.

Game seed: 10290811907947809507

2 sanka the Vexing (level 1, -2/16 HPs)
             Began as a Ghoul Arcane Marksman on Aug 4, 2021.
             Slain by a kobold (4 damage)
             ... on level 1 of the Dungeon.
             The game lasted 00:00:21 (284 turns).

sanka the Vexing (Ghoul Arcane Marksman)             Turns: 284, Time: 00:00:22

Health: -2/16      AC:  2    Str: 13    XL:     1   Next: 30%
Magic:  1/1        EV: 12    Int:  8    God:
Gold:   15         SH:  0    Dex:  9    Spells: 1/2 levels left

rFire    + . .     SeeInvis .   (no weapon)
rCold    + . .     Faith    .   (no shield)
rNeg     + + +     Spirit   .   a - +0 robe
rPois    ∞         Reflect  .   (no helmet)
rElec    .         Harm     .   (no cloak)
rCorr    .         Rampage  .   (no gloves)
Will     .....                  (no boots)
Stlth    +.........             (no amulet)
HPRegen  0.00/turn              (no ring)
MPRegen  0.07/turn              f - ring of protection from fire

@: inhibited regen
A: claws 1, cold resistance 1, negative energy resistance 3, inhibited
regeneration, torment resistance 2
a: no special abilities


You were on level 1 of the Dungeon.
You visited 1 branch of the dungeon, and saw 1 of its levels.

You collected 15 gold pieces.


Innate Abilities, Weirdness & Mutations

You thrive by killing the living.
You are immune to poison.
You have sharp fingernails.
Your flesh is cold resistant. (rC+)
You are immune to negative energy. (rN+++)
You do not regenerate when monsters are visible.
You are immune to unholy pain and torment.


   Skills:
 + Level 1.4 Fighting
 - Level 1.7 Throwing
 - Level 1.7 Dodging
 - Level 1.0 Spellcasting
 - Level 2.4 Hexes


You had one spell level left.
You knew the following spells:

 Your Spells              Type           Power      Damage    Failure   Level
Z - Corona                Hex            4%         N/A       16%         1

Your spell library contained the following spells:

 Spells                   Type           Power      Damage    Failure   Level
 Slow                     Hex            4%         N/A       22%         2
 Inner Flame              Hex/Fire       2%         N/A       58%         3
 Portal Projectile        Hex/Tloc       4%         N/A       58%         3
 Gell's Gravitas          Tloc           0%         N/A       75%         3
 Teleport Other           Tloc           0%         N/A       75%         3
 Cause Fear               Hex            2%         N/A       83%         4
 Dispersal                Tloc           0%         N/A       100%        6

Inventory:

Missiles
 b - 5 javelins (quivered)
 c - 2 throwing nets {=f}
Armour
 a - a +0 robe (worn)
Jewellery
 f - a ring of protection from fire (right claw)
Potions
 d - a potion of curing {unknown}
 e - a potion of attraction {unknown}

Dungeon Overview and Level Annotations

Branches:
Dungeon (1/15)

Altars:

.▒....▒ ▒.........
.▒....▒▒▒........▒..(
.▒..............>▒...
.▒....▒▒▒........▒..
.▒....▒ ▒▒.....▒.▒..
.▒.▒▒▒▒▒▒▒.▒▒▒.▒.▒.▒▒▒ ▒
.................▒... ...
.▒.▒▒▒.......▒...▒.▒...▒▒
.▒.▒ ▒.......▒..nK.......
.▒.▒ ▒.......▒..▒▒.▒...▒▒
.▒.▒ ▒▒▒▒▒...▒..▒ ... ..▒
.▒.▒ ....▒..▒ ..... ▒
▒▒.▒ ▒▒▒..▒..▒ ......▒ .▒
...▒..▒ ......▒ ▒..▒
......▒ ▒.. ......▒


You could see a kobold.


Message History

You scratch the ball python.
The ball python is heavily wounded.
The ball python closely misses you. The ball python barely misses you.
The ball python completely misses you. The ball python misses you.
You barely miss the ball python.
The ball python is heavily wounded.
The ball python barely misses you. The ball python grabs you.
* * * LOW HITPOINT WARNING * * *
The ball python constricts you.
You scratch the ball python but do no damage.
The ball python is heavily wounded.
The ball python bites you.
* * * LOW HITPOINT WARNING * * *
* * * LOW HITPOINT WARNING * * *
The ball python constricts you.
You closely miss the ball python.
The ball python is heavily wounded.
The ball python bites you.
* * * LOW HITPOINT WARNING * * *
* * * LOW HITPOINT WARNING * * *
The ball python constricts you.
You scratch the ball python.
You kill the ball python!
You scratch the kobold.
The kobold is severely wounded.
The kobold hits you with a +0 whip.
You die...

Action                   || total
-------------------------++-------
Melee: Unarmed           ||    15
Dodge: Dodged            ||    12

Levels and vault maps discovered:
D:1:      wander_arrival_chamber, layout_basic,
          hellmonk_ecumenical_altar_inner_sanctum

Notes
Turn   | Place    | Note
-------+----------+-------------------------------------------
     0 | D:1      | sanka the Ghoul Arcane Marksman began the quest for the
                  | Orb.
     0 | D:1      | Reached XP level 1. HP: 16/16 MP: 1/1
   284 | D:1      | Slain by a kobold

Vanquished Creatures
  A ball python (D:1)
  A kobold (D:1)
2 creatures vanquished.
